 Dungeon Crawl Stone Soup version 0.23-a0-677-g07611c5723 (webtiles) character file.

4070 Flugkiller the Basher (level 10, -1/79 HPs)
             Began as a Vine Stalker Gladiator on Jan 10, 2019.
             Was a Believer of Uskayaw.
             Slain by a yak (9 damage)
             ... on level 9 of the Dungeon.
             The game lasted 00:13:52 (6905 turns).

Flugkiller the Basher (Vine Stalker Gladiator)      Turns: 6905, Time: 00:13:52

Health: -1/79      AC: 28    Str: 17    XL:     10   Next: 25%
Magic:  0/15       EV:  2    Int:  8    God:    Uskayaw [**....]
Gold:   518        SH:  0    Dex: 19    Spells: 9/9 levels left

rFire    . . .     SeeInvis .   (no weapon)
rCold    . . .     Gourm    .   (no shield)
rNeg     + + +     Faith    .   (armour currently unavailable)
rPois    +         Spirit   +   (helmet currently unavailable)
rElec    .         Reflect  .   (cloak currently unavailable)
rCorr    .         Harm     .   (gloves currently unavailable)
MR       +....     NoTele   +   (boots currently unavailable)
Stlth    ++........             B - amulet of the acrobat
HPRegen  0.63/turn              s - +3 ring of protection
MPRegen  0.14/turn              a - ring of teleportation (curse)

@: tree-form
A: regeneration 1, magic shield, no potion heal 3, rot immunity
a: Stomp, Line Pass, Renounce Religion


You were on level 9 of the Dungeon.
You worshipped Uskayaw.
Uskayaw was noncommittal.
You were near starving.
You were a tree.
You visited 1 branch of the dungeon, and saw 9 of its levels.

You collected 518 gold pieces.

Inventory:

Hand Weapons
 u - a +1 morningstar
   (You found it on level 3 of the Dungeon)
 D - a +1 whip of venom
   (You found it on level 5 of the Dungeon)
Missiles
 d - 4 throwing nets (quivered)
 w - 6 javelins of penetration
Armour
 c - a +0 helmet (melded)
 h - a +0 pair of gloves (melded)
   (You found it on level 8 of the Dungeon)
 y - a +3 ring mail of poison resistance (melded)
   (You took it off Terence on level 2 of the Dungeon)
Jewellery
 a - a cursed ring of teleportation (right branch)
   (You found it on level 9 of the Dungeon)
 e - a +3 ring of protection
   (You found it on level 3 of the Dungeon)
 m - an uncursed ring of protection from fire
   (You found it on level 2 of the Dungeon)
 s - a +3 ring of protection (left branch)
   (You took it off a hobgoblin on level 2 of the Dungeon)
 B - an amulet of the acrobat (around neck)
   (You found it on level 4 of the Dungeon)
 C - a +4 amulet of reflection
   (You found it on level 4 of the Dungeon)
 E - an uncursed ring of see invisible
   (You found it on level 5 of the Dungeon)
 G - an uncursed ring of protection from cold
   (You found it on level 5 of the Dungeon)
Wands
 r - a wand of acid (6)
   (You found it on level 2 of the Dungeon)
 L - a wand of flame (16)
   (You found it on level 6 of the Dungeon)
 M - a wand of enslavement (5)
   (You took it off an orc on level 6 of the Dungeon)
 O - a wand of digging (6)
   (You found it on level 8 of the Dungeon)
Scrolls
 b - a scroll of fog {unknown}
 g - 2 scrolls of enchant weapon
 p - a scroll of noise {unknown}
 v - a scroll of enchant armour
 z - a scroll of blinking {unknown}
 F - a scroll of amnesia {unknown}
 J - a scroll of magic mapping {unknown}
 K - 2 scrolls of teleportation
 N - a scroll of vulnerability {unknown}
Potions
 i - 3 potions of cancellation
 j - 6 potions of curing
 k - 2 potions of lignification
 l - 3 potions of mutation
 n - 3 potions of brilliance
 o - a potion of agility
 q - 3 potions of flight {unknown}
 t - 2 potions of resistance {unknown}
 x - 2 potions of degeneration {unknown}
 A - a potion of might
Comestibles
 f - 8 rations


   Skills:
 + Level 6.1 Fighting
 - Level 9.0 Maces & Flails
 - Level 1.7 Throwing
 + Level 5.9 Dodging
 + Level 6.3 Invocations


You had 9 spell levels left.
You didn't know any spells.
Your spell library contained the following spells:

 Spells                   Type           Power        Failure   Level  Hunger
 Magic Dart               Conj           #...         41%         1    ##.....
 Blink                    Tloc           N/A          54%         2    ###....
 Call Imp                 Summ           #.......     54%         2    ###....
 Slow                     Hex            #.......     54%         2    ###....
 Conjure Flame            Conj/Fire      #.......     78%         3    ####...
 Mephitic Cloud           Conj/Pois/Air  #.......     78%         3    ####...


Dungeon Overview and Level Annotations

Branches:
Dungeon (9/15)             Temple (0/1) D:7
   Lair: D:8-11         Orc: D:9-12

Altars:
Elyvilon
Gozag
Hepliaklqana
Kikubaaqudgha
Nemelex Xobeh
Okawaru
Qazlal
Sif Muna
Uskayaw
Vehumet
Xom
The Shining One

Annotations:
D:2 1 runed door
D:6 2 transporters


Innate Abilities, Weirdness & Mutations

((You have razor-sharp teeth.))
Your natural rate of healing is unusually fast.
When hurt, damage is shared between your health and your magic reserves.
((Your bite disrupts and absorbs the magic of your enemies.))
Potions cannot restore your health.
You are immune to rotting.


Message History

The killer bee is almost dead.
The killer bee stings you.
* * * LOW HITPOINT WARNING * * *
The killer bee closely misses you. The killer bee stings you.
* * * LOW HITPOINT WARNING * * *
The yak completely misses you. The killer bee completely misses you.
The yak misses you. The yak gores you but does no damage.
The killer bee completely misses you.
You don't have enough magic at the moment.
Unknown command.
Okay, then.
Unknown command.
You turn into a tree.
Your +0 helmet melds into your body.
Your +0 pair of gloves melds into your body.
Your +3 ring mail of poison resistance melds into your body.
You no longer feel resistant to poison.
Your roots penetrate the ground.
The killer bee barely misses you.
The killer bee stings you but does no damage.
The yak gores you!
* * * LOW HITPOINT WARNING * * *
The killer bee stings you but does no damage.
The yak gores you but does no damage. x2
The killer bee stings you but does no damage.
You are now empty-handed.
The killer bee stings you but does no damage.
The yak barely misses you.
Unknown command.
Really attack barehanded?
You smack the killer bee!
You kill the killer bee!
The killer bee stings you.
* * * LOW HITPOINT WARNING * * *
You are poisoned.
The killer bee poisons you! The yak gores you but does no damage.
The yak barely misses you. The killer bee stings you.
* * * LOW HITPOINT WARNING * * *
The yak gores you.
* * * LOW HITPOINT WARNING * * *
You hit the killer bee but do no damage.
The killer bee is almost dead.
You feel sick. The killer bee stings you.
* * * LOW HITPOINT WARNING * * *
The yak gores you but does no damage. x3; The killer bee stings you.
* * * LOW HITPOINT WARNING * * *
The yak gores you but does no damage.
Unknown command.
Your system rejects the healing.
You feel better. The killer bee stings you.
* * * LOW HITPOINT WARNING * * *
The yak gores you but does no damage. The yak gores you!
You die...

#.. ....##+####
#.#########..#.....# #
#.#.......#..#.....#
..###+#.+..........'....##
........#......#.#.#....'.
........#......._..#....#.
........#......#.#.######.
........######+#..........
....>..Yy♣Y....>..........
........YYY...............
..####....................
. #....................
#####..............
#..............
#######..###### ..# ###


You could see 5 yaks and a killer bee.

Vanquished Creatures
  A two-headed ogre (D:9)
  Joseph (D:7)
  Eustachio (D:5)
  Duvessa (D:7)
  An orc warrior (D:6)
  An ice beast (D:6)
  2 sky beasts
  A necrophage (D:8)
  4 ogres
  3 phantoms
  A centaur (D:8)
  2 bullfrogs
  Dowan (D:7)
  3 scorpions
  6 killer bees
  3 howler monkeys
  4 crimson imps
  5 jellies
  5 orc priests
  A hound (D:5)
  2 bullfrog skeletons
  A centaur skeleton (D:4)
  Terence (D:2)
  Natasha (D:2)
  3 iguanas
  5 orc wizards
  4 worker ants
  A hound zombie (D:5)
  5 adders
  4 shadow imps
  An ooze (D:6)
  An adder skeleton (D:3)
  A worm (D:2)
  3 dart slugs
  2 leopard geckos
  24 orcs
  3 bat zombies (D:4)
  7 giant cockroaches
  5 goblins
  7 hobgoblins
  13 jackals
  5 quokkas
  3 ball pythons
  A ball python skeleton (D:5)
  6 bats
  A frilled lizard (D:1)
  5 kobolds
  4 rats
  A rat zombie (D:4)
167 creatures vanquished.

Notes
Turn   | Place    | Note
-------+----------+-------------------------------------------
     0 | D:1      | Flugkiller the Vine Stalker Gladiator began the quest for
                  | the Orb.
     0 | D:1      | Reached XP level 1. HP: 11/11 MP: 2/2
   398 | D:1      | Reached skill level 3 in Maces & Flails
   439 | D:1      | Reached XP level 2. HP: 15/15 MP: 3/3
   520 | D:1      | You fall through a shaft!
   625 | D:2      | Found a shimmering altar of Xom.
  1238 | D:2      | Reached XP level 3. HP: 18/18 MP: 4/4
  1498 | D:2      | Noticed Terence
  1507 | D:2      | Killed Terence
  1507 | D:2      | Reached skill level 4 in Maces & Flails
  1507 | D:2      | Gained mutation: Your natural rate of healing is unusually
                  | fast. [Vine Stalker growth]
  1507 | D:2      | Reached XP level 4. HP: 9/23 MP: 1/5
  1553 | D:2      | Noticed Natasha
  1561 | D:2      | Killed Natasha
  1649 | D:2      | Found a runed door.
  1956 | D:2      | Reached skill level 5 in Maces & Flails
  1956 | D:2      | Reached XP level 5. HP: 26/26 MP: 6/6
  2095 | D:3      | Noticed a phantom
  2115 | D:3      | Found a hide-covered altar of Uskayaw.
  2127 | D:3      | Killed a phantom
  2127 | D:3      | Reached skill level 6 in Maces & Flails
  2127 | D:3      | Reached XP level 6. HP: 25/30 MP: 5/7
  2136 | D:3      | Found a stormy altar of Qazlal.
  2253 | D:3      | Became a worshipper of Uskayaw the Reveler
  2282 | D:3      | Reached * piety under Uskayaw
  2654 | D:4      | Found an opulent altar of Gozag.
  2811 | D:4      | Noticed a phantom
  2825 | D:4      | Reached ** piety under Uskayaw
  2839 | D:4      | Reached *** piety under Uskayaw
  2842 | D:4      | Reached **** piety under Uskayaw
  2843 | D:4      | Killed a phantom
  2886 | D:4      | Reached skill level 7 in Maces & Flails
  2886 | D:4      | Reached XP level 7. HP: 34/34 MP: 8/8
  2901 | D:4      | Reached ***** piety under Uskayaw
  2941 | D:4      | Found an ancient bone altar of Kikubaaqudgha.
  3242 | D:5      | Entered Level 5 of the Dungeon
  3258 | D:4      | Reached skill level 8 in Maces & Flails
  3339 | D:5      | Reached ****** piety under Uskayaw
  3578 | D:5      | Gained mutation: You have razor-sharp teeth. [Vine Stalker
                  | growth]
  3578 | D:5      | Reached XP level 8. HP: 38/38 MP: 9/9
  3804 | D:5      | Reached skill level 9 in Maces & Flails
  4068 | D:5      | Noticed Eustachio
  4132 | D:5      | Killed Eustachio
  4132 | D:5      | Reached skill level 1 in Invocations
  4224 | D:5      | Found a sparkling altar of Nemelex Xobeh.
  4224 | D:5      | Found a radiant altar of Vehumet.
  4580 | D:6      | Found an iron altar of Okawaru.
  4667 | D:6      | Reached XP level 9. HP: 44/44 MP: 12/12
  4678 | D:6      | Found a transporter.
  4725 | D:6      | Noticed a kobold demonologist
  4730 | D:6      | Found a transporter.
  5075 | D:7      | Noticed Joseph
  5097 | D:7      | Killed Joseph
  5391 | D:7      | Found a staircase to the Ecumenical Temple.
  5484 | D:7      | Noticed Dowan
  5700 | D:7      | Found a glowing golden altar of the Shining One.
  5790 | D:7      | Noticed Duvessa
  5799 | D:7      | Killed Duvessa
  5807 | D:7      | Killed Dowan
  5988 | D:8      | Found a deep blue altar of Sif Muna.
  6121 | D:8      | Reached skill level 5 in Fighting
  6121 | D:8      | Reached skill level 5 in Invocations
  6131 | D:8      | Reached skill level 5 in Dodging
  6339 | D:8      | Got a faintly glowing war axe
  6344 | D:8      | Found a white marble altar of Elyvilon.
  6345 | D:8      | Identified the cursed +3 war axe of the Exiled Blessings
                  | {flame, rElec rPois} (You found it on level 8 of the
                  | Dungeon)
  6633 | D:9      | Reached XP level 10. HP: 51/51 MP: 15/15
  6691 | D:9      | Noticed a two-headed ogre
  6710 | D:9      | Killed a two-headed ogre
  6869 | D:9      | Found a hazy altar of Hepliaklqana.
  6905 | D:9      | Slain by a yak

Vault maps used:
D:1:      lemuel_arrival_hallway, serial_park_tiny_pond
D:2:      xom_butterflies, kennysheep_generic_room_3, uniq_terence,
          uniq_natasha, uniq_crazy_yiuf_cottage
D:3:      marbit_many_paths, overflow_temple_1_default,
          chequers_serial_rivers_micro_c
D:4:      nicolae_gozag_cash_rules_everything_around_me,
          lemuel_zombie_altar_kikubaaqudgha
D:5:      gammafunk_temple_overflow_elements, first_ration, uniq_eustachio
D:6:      gammafunk_wand_slinger, okawaru_gym_becter
D:7:      minmay_temple_entry_fiery, tso_metal_star, uniq_duvessa, uniq_joseph
D:8:      elyvilon_altar_3, kennysheep_little_box
D:9:      wander_kiku_kobolds, lemuel_crystal_altar, lemuel_round_altar,
          gammafunk_ghost_wrathful_warriors, hangedman_decor_peaks_small

Skill      XL: |  1  2  3  4  5  6  7  8  9 10 |
---------------+-------------------------------+-----
Maces & Flails | 3 4 5 6 7 8 9 |  9.0
Fighting       | 3 5 6 |  6.1
Invocations    | 3 5 6 |  6.3
Dodging        | 3 5 |  5.9
Throwing       | |  1.7

Action                   |  1- 3 |  4- 6 |  7- 9 | 10-12 || total
-------------------------+-------+-------+-------+-------++-------
Melee: Flail             |    84 |    36 |       |       ||   120
       Bite              |    25 |    34 |   141 |     6 ||   206
       Morningstar       |       |    25 |   239 |    20 ||   284
       Rapier            |       |    67 |   159 |       ||   226
       War axe           |       |       |     8 |       ||     8
       Unarmed           |       |       |       |     2 ||     2
Invok: Stomp             |       |       |     2 |     2 ||     4
Evoke: Wand              |       |     1 |     1 |       ||     2
  Use: Scroll            |       |     6 |    11 |     1 ||    18
       Potion            |       |       |       |     2 ||     2
 Stab: Paralysed         |       |     2 |    13 |     1 ||    16
  Eat: Chunk             |     2 |     4 |    13 |       ||    19
Armor: Leather armour    |    27 |       |       |       ||    27
       Ring mail         |       |    74 |   243 |    12 ||   329
       Skin              |       |       |       |    12 ||    12
Dodge: Dodged            |    66 |    88 |   343 |    43 ||   540

Table legend:
 A = Non-vault XP
 B = Vault XP
 C = Vault XP percentage of total XP
 D = Non-vault monster count
 E = Vault monster count
 F = Vault count percentage of total count
                 A         B        C        D         E       F
            +---------+---------+-------+---------+---------+-------
      Total |    4859 |     956 |  16.4 |     155 |      12 |   7.2
            +---------+---------+-------+---------+---------+-------
        D:1 |      15 |       0 |   0.0 |       9 |       0 |   0.0
        D:2 |      76 |      77 |  50.3 |      23 |       4 |  14.8
        D:3 |     205 |       0 |   0.0 |      20 |       0 |   0.0
        D:4 |     610 |       7 |   1.1 |      17 |       4 |  19.0
        D:5 |     691 |     203 |  22.7 |      26 |       1 |   3.7
        D:6 |     715 |       0 |   0.0 |      22 |       0 |   0.0
        D:7 |     510 |     669 |  56.7 |      15 |       3 |  16.7
        D:8 |     755 |       0 |   0.0 |      16 |       0 |   0.0
        D:9 |    1282 |       0 |   0.0 |       7 |       0 |   0.0
            +---------+---------+-------+---------+---------+-------
